 Dungeon Crawl Stone Soup version 0.20.1-1-g8b1a95d (webtiles) character file.

158 Golfball the Cudgeler (level 5, 0/32 HPs)
             Began as a Gargoyle Fighter on Jan 1, 2018.
             Killed by divine providence
             ... invoked by an orc priest
              (14 damage)
             ... on level 3 of the Dungeon.
             The game lasted 00:05:14 (2558 turns).

Golfball the Cudgeler (Gargoyle Fighter)            Turns: 2558, Time: 00:05:15

Health: 0/32       AC: 10    Str: 20    XL:     5   Next: 40%
Magic:  5/5        EV:  7    Int:  9    God:
Gold:   67         SH:  9    Dex:  9    Spells: 4/4 levels left

rFire    . . .     SeeInvis .   a - +0 flail
rCold    . . .     Gourm    .   c - +0 shield
rNeg     + . .     Faith    .   b - +0 scale mail
rPois    ∞         Spirit   .   (no helmet)
rElec    +         Reflect  .   (no cloak)
rCorr    .         Harm     .   (no gloves)
MR       .....                  (no boots)
Stlth    ..........             (no amulet)
Regen    0.1/turn               o - ring of flight
MPRegen  0.1/turn               (no ring)

@: no status effects
A: negative energy resistance 1, electricity resistance, unbreathing,
petrification resistance, rot immunity, AC +4
a: Evoke Flight


You were on level 3 of the Dungeon.
You were not hungry.

You visited 1 branch of the dungeon, and saw 3 of its levels.

You collected 67 gold pieces.

Inventory:

Hand Weapons
 a - a +0 flail (weapon)
Armour
 b - a +0 scale mail (worn)
 c - a +0 shield (worn)
Jewellery
 o - a ring of flight (left hand)
Scrolls
 e - 2 scrolls of teleportation {unknown}
 l - a scroll of enchant armour {unknown}
 n - a scroll of identify {unknown}
 q - a scroll of remove curse {unknown}
Potions
 d - a potion of might
 g - a potion of heal wounds {unknown}
 h - 3 potions of haste {unknown}
 i - 3 potions of cancellation {unknown}
 k - a potion of curing {unknown}
 m - 2 potions of magic {unknown}
Comestibles
 f - 2 bread rations
 j - 9 chunks of flesh
 p - a meat ration


   Skills:
 - Level 3.2 Fighting
 + Level 5.4 Maces & Flails
 - Level 3.2 Armour
 - Level 3.2 Shields


You had 4 spell levels left.
You didn't know any spells.

Dungeon Overview and Level Annotations

Branches:
Dungeon (3/15)

Altars:


Innate Abilities, Weirdness & Mutations

You are resistant to torment.
Your stone body is resilient. (AC +4)
You are immune to poison.
You resist negative energy. (rN+)
You are resistant to electric shocks. (rElec)
You can survive without breathing.
You are immune to petrification.
You are immune to rotting.


Message History

The orc wizard looks encouraged for a moment.
The leopard gecko barely misses you.
You closely miss the leopard gecko. The orc wizard barely misses you.
The leopard gecko barely misses you.
The orc wizard gestures at you while chanting.
You block the puff of frost.
You closely miss the leopard gecko.
The orc wizard hits you but does no damage.
You block the leopard gecko's attack.
The orc wizard hits you but does no damage.
The leopard gecko bites you but does no damage.
You barely miss the leopard gecko. You block the orc wizard's attack.
You block the leopard gecko's attack.
The orc wizard points at you and mumbles some strange words.
The puff of frost hits you!
You closely miss the leopard gecko.
The orc wizard hits you but does no damage.
The orc priest calls down the wrath of Beogh upon you.
Beogh smites you!
You die...

###############
#[....#...?...##########
.....olo................
......#@......##########
..### ######### <...
.... .### . # # . #


You could see an orc priest, an orc wizard and a leopard gecko.

Vanquished Creatures
  3 gnolls (D:3)
  7 adders
  4 worms (D:2)
  A leopard gecko (D:2)
  2 orcs (D:3)
  3 giant cockroaches
  7 goblins
  4 hobgoblins
  8 jackals
  3 kobolds (D:1)
  A quokka (D:2)
  7 bats
  2 frilled lizards (D:1)
  7 rats
59 creatures vanquished.

Notes
Turn   | Place    | Note
-------+----------+-------------------------------------------
     0 | D:1      | Golfball the Gargoyle Fighter began the quest for the Orb.
     0 | D:1      | Reached XP level 1. HP: 14/14 MP: 1/1
   267 | D:1      | Reached XP level 2. HP: 17/19 MP: 2/2
   396 | D:1      | Reached skill level 3 in Maces & Flails
   690 | D:1      | Reached XP level 3. HP: 22/23 MP: 3/3
  1257 | D:2      | Reached skill level 4 in Maces & Flails
  1264 | D:2      | Reached XP level 4. HP: 19/28 MP: 4/4
  2308 | D:3      | Reached skill level 5 in Maces & Flails
  2308 | D:3      | Reached XP level 5. HP: 32/32 MP: 5/5
  2558 | D:3      | Killed from afar by an orc priest

Skill      XL: |  1  2  3  4 |
---------------+-------------+-----
Maces & Flails | 3 4 5 |  5.4
Fighting       | |  3.2
Armour         | |  3.2
Shields        | |  3.2

Action                   |  1- 3 |  4- 6 || total
-------------------------+-------+-------++-------
Melee: Flail             |   115 |   161 ||   276
  Eat: Chunk             |       |     6 ||     6
Armor: Scale mail        |    83 |    76 ||   159
Dodge: Dodged            |    52 |    52 ||   104
Block: Shield            |    70 |    96 ||   166
